 Dungeon Crawl Stone Soup version 0.31.0-4-g52a2dc7128 (webtiles) character file.

Game seed: 14790835559885874547

3551 Persephone the Cleaver (level 10, 0/56 HPs)
             Began as a Gargoyle Fighter on Jan 22, 2024.
             Was a Follower of the Shining One.
             Killed from afar by an acid dragon (24 damage)
             ... with a splash of acid
             ... on level 8 of the Dungeon.
             The game lasted 00:14:31 (6588 turns).

Persephone the Cleaver (Gargoyle Fighter)           Turns: 6588, Time: 00:14:32

Health: 0/56       AC: 20    Str: 24    XL:     10   Next: 9%
Magic:  10/10      EV: 12    Int:  9    God:    the Shining One [*.....]
Gold:   443        SH: 11    Dex:  9    Spells: 9/9 levels left

rFire   + . .        a - +0 war axe
rCold   . . .        l - +2 kite shield
rNeg    + + .        r - +3 chain mail of Card Tricks {rN+}
rPois   ∞            (no helmet)
rElec   +            (no cloak)
rCorr   .            j - +0 pair of gloves
SInv    .            (no boots)
Will    .....        n - amulet of the acrobat Stlth
                     m - ring of protection from fire
HPRegen 0.29/turn    q - +5 ring of evasion
MPRegen 0.12/turn

%: acrobat
@: glowing
A: sickness immunity, AC +7, negative energy resistance 1, electricity
resistance, torment resistance 1, petrification resistance
a: Renounce Religion, Divine Shield


You were on level 8 of the Dungeon.
You worshipped the Shining One.
The Shining One was aware of your devotion.
You visited 2 branches of the dungeon, and saw 9 of its levels.

You collected 443 gold pieces.

Inventory:

Hand Weapons
 a - a +0 war axe (weapon)
Missiles
 b - 4 throwing nets
 s - 5 boomerangs (quivered)
Armour
 j - a +0 pair of gloves (worn)
 l - a +2 kite shield (worn)
 r - the +3 chain mail of Card Tricks (worn) {rN+}
   (You found it on level 3 of the Dungeon)

   rN+:       It protects you from negative energy.
Jewellery
 m - a ring of protection from fire (left hand)
 n - an amulet of the acrobat (around neck)
 q - a +5 ring of evasion (right hand)
 B - a ring of wizardry
Wands
 g - a wand of quicksilver (8)
 A - a wand of polymorph (8)
Scrolls
 e - 4 scrolls of teleportation
 i - 3 scrolls of enchant weapon
 k - 2 scrolls of revelation
 o - 2 scrolls of noise
 p - 3 scrolls of enchant armour
 v - a scroll of poison
 w - a scroll of immolation {unknown}
 y - a scroll of vulnerability {unknown}
 C - a scroll of identify
Potions
 c - a potion of cancellation {unknown}
 d - 3 potions of curing
 f - 2 potions of attraction
 h - a potion of berserk rage {unknown}
 t - a potion of enlightenment {unknown}
 u - a potion of mutation {unknown}
 x - a potion of invisibility {unknown}
 z - a potion of might


   Skills:
 - Level 3.2 Fighting
 * Level 12.3 Axes
 - Level 3.2 Armour
 + Level 6.1 Shields


You had 9 spell levels left.
You didn't know any spells.
Your spell library contained the following spells:

 Spells                   Type           Power      Damage    Failure   Level
 Shock                    Conj/Air       0%         1d3       99%         1
 Fugue of the Fallen      Necr           0%         N/A       100%        3
 Gell's Gravitas          Tloc           0%         N/A       100%        3
 Ozocubu's Armour         Ice            0%         N/A       100%        3
 Swiftness                Air            0%         N/A       100%        3
 Teleport Other           Tloc           0%         N/A       100%        3
 Airstrike                Air            0%         2d(0-16)  100%        4
 Manifold Assault         Tloc           0%         N/A       100%        4
 Dispersal                Tloc           0%         N/A       100%        6


Dungeon Overview and Level Annotations

Branches:
Dungeon (8/15)             Temple (1/1) D:4
   Lair: D:8-11

Altars:
Ashenzari
Dithmenos
Elyvilon
Fedhas
Gozag
Hepliaklqana
Kikubaaqudgha
Makhleb
Nemelex Xobeh
Okawaru
Qazlal
Ru
Trog
Uskayaw
Vehumet
Wu Jian
Xom
Yredelemnul
Zin
The Shining One

Shops:
D:6 *

Annotations:
D:6 2 transporters, dexterity1's ghost, novice DjHW
D:8 3 runed translucent doors, booth's ghost, novice DrSh


Innate Abilities, Weirdness & Mutations

You are immune to sickness and miasma.
Your stone body is resilient. (AC +7)
You are immune to poison.
You resist negative energy. (rN+)
You are resistant to electric shocks. (rElec)
You are resistant to unholy torment.
You are immune to petrification.


Message History

The ice beast is lightly wounded.
The ice beast hits you but does no damage.
You slash the ice beast!
The ice beast is severely wounded.
The ice beast hits you. The ice beast freezes you!
You are too injured to fight recklessly!
You slash the ice beast!
You kill the ice beast!
Your Shields skill increases to level 6!
Auto Killed stopped - Key pressed Key pressed, stopping explore.
You now have 396 gold pieces (gained 16).
You now have 405 gold pieces (gained 9).
B - a ring of wizardry You now have 414 gold pieces (gained 9).
You now have 431 gold pieces (gained 17).
You now have 443 gold pieces (gained 12).
C - a scroll of identify Booth's ghost turns its malevolent gaze towards you.
An acid dragon comes into view.
The acid dragon roars!
The acid dragon spits acid at you. The splash of acid misses you.
You see here 13 gold pieces.
The acid dragon misses you. x2
You barely miss the acid dragon. The acid dragon spits acid at you.
The splash of acid hits you!!
Lua - Auto Kill stopped.
Not in fighting shape.
You hit the acid dragon but do no damage.
The acid dragon closely misses you. You block the acid dragon's attack.
You barely miss the acid dragon. The acid dragon barely misses you.
You block the acid dragon's attack.
You barely miss the acid dragon. The acid dragon bites you!
You block the acid dragon's attack.
You slash the acid dragon!
The acid dragon is heavily wounded.
The acid dragon spits acid at you. The splash of acid hits you!!
You die...

######...........##......
########...................#
#..................##......#
#.....#########.#### .......
#.....#.....#...# ###....(.#
#.....#(...8#...##.........#
#.....#..(..+......##......#
#.....#(....+.D...##.......#
#.....#...(W+.@......##..###
#.....#.(...#.$.....##
#.....#.(!.(#......###
##....#######.........
#................####
#..................<..
#.....................
#......................
#..>...................


You could see an acid dragon (catching breath) and booth's ghost.

Vanquished Creatures
  Pikel (D:4)
  Prince Ribbit (D:5)
  Eustachio (D:4)
  Menkaure (D:7)
  2 orc warriors
  3 ice beasts
  An ogre (D:4)
  A centaur (D:6)
  3 lemures (D:4)
  A kobold brigand (D:8)
  2 bullfrogs (D:6)
  Blork the orc (D:5)
  2 gnoll sergeants (D:5)
  3 scorpions
  4 wights
  A howler monkey (D:6)
  5 bombardier beetles
  8 hounds
  2 gnoll boudas (D:6)
  An orc priest (D:8)
  2 jellies
  7 orc wizards
  A sleepcap (D:5)
  Natasha (D:4)
  3 iguanas
  4 adders
  16 gnolls
  2 shadow imps
  A white imp (D:6)
  4 ufetubi
  3 dart slugs
  3 ribbon worms
  14 orcs
  6 endoplasms
  5 giant cockroaches
  9 goblins
  9 hobgoblins
  7 quokkas
  A ball python (D:3)
  3 bats
  2 frilled lizards
  10 kobolds
  2 rats (D:2)
159 creatures vanquished.

Notes
Turn   | Place    | Note
-------+----------+-------------------------------------------
     0 | D:1      | Persephone the Gargoyle Fighter began the quest for the
                  | Orb.
     0 | D:1      | Reached XP level 1. HP: 14/14 MP: 1/1
   116 | D:1      | Reached skill level 2 in Axes
   153 | D:1      | Reached XP level 2. HP: 19/19 MP: 2/2
   488 | D:1      | Reached skill level 3 in Axes
   663 | D:1      | Reached XP level 3. HP: 23/23 MP: 3/3
  1275 | D:2      | Found a faded altar of an unknown god.
  1305 | D:2      | Identified the +0 robe "Tulam" {Rampage Str-2 Stlth+}
  1607 | D:2      | Reached XP level 4. HP: 28/28 MP: 4/4
  1859 | D:3      | Reached skill level 4 in Axes
  1936 | D:3      | Identified the +3 chain mail of Card Tricks {rN+}
  2308 | D:4      | Noticed an ogre
  2317 | D:4      | Killed an ogre
  2318 | D:4      | Reached skill level 5 in Axes
  2318 | D:4      | Reached XP level 5. HP: 30/32 MP: 5/5
  2457 | D:4      | Reached XP level 6. HP: 37/37 MP: 6/6
  2494 | D:4      | Noticed Pikel
  2625 | D:4      | Noticed Eustachio
  2738 | D:4      | Killed Pikel
  2739 | D:4      | Reached skill level 7 in Axes
  2739 | D:4      | Reached XP level 7. HP: 3/41 MP: 7/7
  2800 | D:5      | Entered Level 5 of the Dungeon
  2817 | D:4      | Reached skill level 8 in Axes
  2820 | D:4      | Reached XP level 8. HP: 25/46 MP: 8/8
  3092 | D:4      | Killed Eustachio
  3160 | D:4      | Found a staircase to the Ecumenical Temple.
  3189 | D:4      | Noticed Natasha
  3200 | D:4      | Killed Natasha
  3207 | Temple   | Entered the Ecumenical Temple
  3215 | Temple   | Became a worshipper of the Shining One
  3386 | D:5      | Reached skill level 9 in Axes
  3618 | D:5      | Noticed Prince Ribbit
  3628 | D:5      | Killed Prince Ribbit
  3629 | D:5      | Reached skill level 10 in Axes
  3833 | D:5      | Found a glowing silver altar of Zin.
  3835 | D:5      | Found an opulent altar of Gozag.
  3950 | D:5      | Noticed Blork the orc
  3973 | D:5      | Reached XP level 9. HP: 41/51 MP: 9/9
  3984 | D:5      | Killed Blork the orc
  4598 | D:6      | Reached * piety under the Shining One
  4602 | D:6      | Reached skill level 11 in Axes
  4615 | D:6      | Found Cied Xuaca's Assorted Antiques.
  5000 | D:6      | Noticed a troll
  5003 | D:6      | Found a transporter.
  5009 | D:6      | Noticed dexterity1's ghost (novice DjHW)
  5246 | D:6      | Reached skill level 5 in Shields
  5272 | D:6      | Found a transporter.
  5945 | D:7      | Noticed Menkaure
  5953 | D:7      | Killed Menkaure
  5954 | D:7      | Reached skill level 12 in Axes
  6288 | D:8      | Reached XP level 10. HP: 53/56 MP: 7/10
  6474 | D:8      | Found a runed translucent gate.
  6475 | D:8      | Found a runed translucent gate.
  6576 | D:8      | Found a runed translucent gate.
  6579 | D:8      | Noticed booth's ghost (novice DrSh)
  6588 | D:8      | Killed from afar by an acid dragon

Illustrated notes

Levels and vault maps discovered:
D:1:      saegor_arrival_simple_b, layout_loops_corners
D:2:      layout_basic, hellmonk_ecumenical_altar_pennies_from_heaven
D:3:      layout_rooms
D:4:      minmay_spotlight, layout_basic, minmay_temple_entry_waves,
          kennysheep_generic_room_8, uniq_eustachio, uniq_pikel, uniq_natasha
D:5:      layout_basic, grunt_temple_overflow_gold_and_silver, sword_in_stone,
          uniq_prince_ribbit1
D:6:      layout_loops_ring, serial_shops, nicolae_inconvenience_store,
          gammafunk_ghost_arena
D:7:      layout_loops_ring, corexii_leaking_fountain, uniq_menkaure
D:8:      layout_rooms, mainiacjoe_overflow_large_starburst, serial_shops,
          nicolae_shop_advertising_works [nicolae_subvault_shop_adworks],
          ebering_ghost_rock_garden, nicolae_looking_at_the_future
Temple:   nicolae_temple_two_arcs

Skill      XL: |  1  2  3  4  5  6  7  8  9 10 |
---------------+-------------------------------+-----
Axes           | 2 3 5 7 8 10 12 | 12.3
Shields        | 5 6 |  6.1
Fighting       | |  3.2
Armour         | |  3.2

Action                     |  1- 3 |  4- 6 |  7- 9 | 10-12 || total
---------------------------+-------+-------+-------+-------++-------
  Melee: War axe           |   111 |   165 |   337 |    37 ||   650
 Invoke: Divine Shield     |       |       |     3 |       ||     3
    Use: Scroll            |       |     9 |     2 |       ||    11
         Potion            |       |     4 |     1 |       ||     5
 Armour: Scale mail        |    92 |       |       |       ||    92
         Plate armour      |       |    20 |       |       ||    20
         Chain mail        |       |   116 |   191 |    13 ||   320
  Dodge: Dodged            |    51 |   102 |   198 |     9 ||   360
  Block: Buckler           |    22 |    27 |    46 |       ||    95
         Kite shield       |       |       |   108 |    25 ||   133
